 Dungeon Crawl Stone Soup version 0.30-a0-585-g93115170b9 (webtiles) character file.

Game seed: 2380666191711512050

84 porpoise the Shooter (level 4, -3/35 HPs)
             Began as a Human Hunter on Jan 2, 2023.
             Slain by Grinder (4 damage)
             ... on level 3 of the Dungeon.
             The game lasted 00:05:35 (1528 turns).

porpoise the Shooter (Human Hunter)                 Turns: 1528, Time: 00:05:35

Health: -3/35      AC:  5    Str: 12    XL:     4   Next: 72%
Magic:  4/4        EV: 11    Int:  9    God:
Gold:   74         SH:  0    Dex: 18    Spells: 3/3 levels left

rFire   . . .      SeeInvis .    a - +0 shortbow
rCold   . . .      Faith    .    (shield currently unavailable)
rNeg    . . .      Spirit   .    o - +0 ring mail
rPois   .          Reflect  .    (no helmet)
rElec   .          Harm     .    (no cloak)
rCorr   .          Rampage  .    (no gloves)
Will    .....                    (no boots)
Stlth   +                        (no amulet)
HPRegen 0.25/turn                (no ring)
MPRegen 0.09/turn                (no ring)

@: no status effects
A: no striking features
a: no special abilities


You were on level 3 of the Dungeon.
You visited 1 branch of the dungeon, and saw 3 of its levels.

You collected 74 gold pieces.

Inventory:

Hand Weapons
 a - a +0 shortbow (weapon)
Armour
 o - a +0 ring mail (worn)
Scrolls
 b - 2 scrolls of immolation
 c - a scroll of vulnerability {unknown}
 e - 4 scrolls of identify {unknown}
 f - a scroll of fog {unknown}
 i - a scroll of enchant weapon {unknown}
 j - a scroll of magic mapping {unknown}
 k - a scroll of torment {unknown}
 p - a scroll of amnesia {unknown}
 q - a scroll of poison {unknown}
 r - 2 scrolls of fear {unknown}
 t - a scroll of blinking {unknown}
Potions
 d - a potion of lignification {unknown}
 g - 2 potions of degeneration {unknown}
 h - 4 potions of curing {unknown}
 l - 2 potions of heal wounds {unknown}
 m - a potion of attraction {unknown}
 n - 2 potions of magic {unknown}
 s - a potion of haste {unknown}


   Skills:
 + Level 3.0 Fighting
 * Level 5.2 Ranged Weapons
 - Level 2.0 Dodging
 - Level 1.0 Stealth


You had 3 spell levels left.
You didn't know any spells.
Your spell library contained the following spells:

 Spells                   Type           Power      Damage    Failure   Level
 Sublimation of Blood     Necr           0%         N/A       80%         2
 Petrify                  Tmut/Erth      0%         N/A       100%        4
 Irradiate                Conj/Tmut      0%         3d11      100%        5
 Conjure Ball Lightning   Conj/Air       0%         3x3d6     100%        6
 Discord                  Hex            0%         N/A       100%        8
 Disjunction              Tloc           0%         N/A       100%        8


Dungeon Overview and Level Annotations

Branches:
Dungeon (3/15)

Altars:

Shops:
D:2 (

Annotations:
D:3 Grinder


Message History

Aim: Grinder (lightly wounded, 61% to hit)
You shoot an arrow. The arrow closely misses Grinder.
Grinder hits you.
You writhe in agony.
Grinder gestures at you. You resist with significant effort.
Fire: a) +0 shortbow
Press: ? - help, Q - select action Shift-Dir - straight line, f/p - Grinder
Aim: Grinder (lightly wounded, 61% to hit)
You shoot an arrow. The arrow hits Grinder!
Grinder is moderately wounded.
Grinder blinks!
Fire: a) +0 shortbow
Press: ? - help, Q - select action Shift-Dir - straight line, f/p - Grinder
Aim: Grinder (moderately wounded, 61% to hit)
You shoot an arrow. The arrow hits Grinder.
Grinder is heavily wounded.
Grinder says, "There's only one good use for a tongue: cutting it out."
Fire: a) +0 shortbow
Press: ? - help, Q - select action Shift-Dir - straight line, f/p - Grinder
Aim: Grinder (heavily wounded, 61% to hit)
You shoot an arrow. The arrow closely misses Grinder.
The hobgoblin hits you but does no damage.
The hobgoblin barely misses you. Grinder gestures at you.
Pain shoots through your body!
* * * LOW HITPOINT WARNING * * *
Fire: a) +0 shortbow
Press: ? - help, Q - select action Shift-Dir - straight line, f/p - Grinder
Aim: Grinder (heavily wounded, 61% to hit)
You shoot an arrow. The arrow closely misses Grinder.
The hobgoblin barely misses you. Grinder completely misses you.
Fire: a) +0 shortbow
Press: ? - help, Q - select action Shift-Dir - straight line, f/p - Grinder
Aim: Grinder (heavily wounded, 61% to hit)
You shoot an arrow. The arrow hits Grinder!
Grinder is severely wounded.
The hobgoblin hits you.
* * * LOW HITPOINT WARNING * * *
Grinder hits you.
You die...

.####.....#.#
............#
#.####.....###
#.........##
######..###
######..#
........#
#######5# #@#
......g.#
#########


You could see Grinder and a hobgoblin.

Vanquished Creatures
  3 adders (D:2)
  2 worms (D:2)
  2 dart slugs
  10 endoplasms
  A giant cockroach (D:2)
  5 goblins
  4 hobgoblins
  3 kobolds
  A quokka (D:3)
  6 ball pythons
  A bat (D:1)
  2 frilled lizards (D:2)
  4 rats
44 creatures vanquished.

Notes
Turn   | Place    | Note
-------+----------+-------------------------------------------
     0 | D:1      | porpoise the Human Hunter began the quest for the Orb.
     0 | D:1      | Reached XP level 1. HP: 16/16 MP: 1/1
   112 | D:1      | Reached XP level 2. HP: 20/22 MP: 2/2
   488 | D:1      | Reached XP level 3. HP: 24/28 MP: 3/3
   608 | D:2      | Found Qackup Fyidd's Antique Weapon Emporium.
   813 | D:2      | Reached XP level 4. HP: 33/34 MP: 4/4
   814 | D:2      | Reached skill level 5 in Ranged Weapons
  1172 | D:2      | Found a faded altar of an unknown god.
  1516 | D:3      | Noticed Grinder
  1520 | D:3      | Paralysed by Grinder for 2 turns
  1528 | D:3      | HP: 1/35 [hobgoblin (1)]
  1528 | D:3      | Slain by Grinder

Illustrated notes

Levels and vault maps discovered:
D:1:      dpeg_arrival_windows_large_door, layout_loops_ring,
          minmay_pentomino_r4
D:2:      layout_basic, nicolae_ecumenical_snake_handling, serial_shops,
          shop_statue
D:3:      layout_loops_ring, minmay_misc_feat_roman, grunt_decor_one_mirror,
          uniq_robin, uniq_grinder

Skill      XL: |  1  2  3  4 |
---------------+-------------+-----
Ranged Weapons | 5 |  5.2
Fighting       | 3 |  3.0
Dodging        | |  2.0
Stealth        | |  1.0

Action                   |  1- 3 |  4- 6 || total
-------------------------+-------+-------++-------
 Fire: Shortbow          |    82 |    40 ||   122
Armor: Leather armour    |     5 |       ||     5
       Ring mail         |     3 |     5 ||     8
Dodge: Dodged            |    24 |    11 ||    35

Table legend: (Time is in decaauts)
 A = Elapsed time spent in this place.
 B = Non-inter-level travel time spent in this place.
 C = Inter-level travel time spent in this place.
 D = Time resting spent in this place.
 E = Time spent auto-exploring this place.
 F = Levels seen in this place.
 G = Mean time per level.
                   A        B        C        D        E       F      G
               +--------+--------+--------+--------+--------+-----+--------+
         Total |   1569 |   1535 |     34 |     99 |   1161 |   3 |  523.0 |
       Dungeon |   1569 |   1535 |     34 |     99 |   1161 |   3 |  523.0 |
               +--------+--------+--------+--------+--------+-----+--------+

Top non-repeatable levels by time:
     D:2: 876 daAuts
     D:1: 610 daAuts
     D:3: 83 daAuts
